 Dungeon Crawl Stone Soup version 0.26.1-2-gb8aa6d0cf2 (webtiles) character file.

Game seed: 9571682626936343180

26741 Ladykiller69 the Severer (level 13, -2/116 HPs)
             Began as a Hill Orc Gladiator on Mar 19, 2021.
             Was a High Priest of Wu Jian.
             Slain by a large abomination (21 damage)
             ... on level 11 of the Dungeon.
             The game lasted 00:33:41 (18885 turns).

Ladykiller69 the Severer (Hill Orc Gladiator)      Turns: 18885, Time: 00:33:41

Health: -2/116     AC: 11    Str: 28    XL:     13   Next: 27%
Magic:  13/13      EV: 13    Int:  8    God:    Wu Jian [*****.]
Gold:   549        SH:  0    Dex: 12    Spells: 12/12 levels left

rFire    . . .     SeeInvis .   b - +5 executioner's axe
rCold    . . .     Faith    .   (shield currently unavailable)
rNeg     . . .     Spirit   .   Z - +0 acid dragon scales
rPois    +         Reflect  .   c - +1 helmet
rElec    .         Harm     .   (no cloak)
rCorr    +         Rampage  .   (no gloves)
Will     .....                  (no boots)
Stlth    +.........             O - amulet of the acrobat
HPRegen  0.29/turn              L - +6 ring of strength
MPRegen  0.13/turn              Y - ring of poison resistance

@: no status effects
A: no striking features
a: Renounce Religion, Wall Jump, Serpent's Lash, Heavenly Storm


You were on level 11 of the Dungeon.
You worshipped Wu Jian.
Wu Jian was extremely pleased with you.
You visited 4 branches of the dungeon, and saw 16 of its levels.
You also visited: Ossuary and Ice Cave.

You collected 952 gold pieces.
You spent 403 gold pieces at shops.

Inventory:

Hand Weapons
 b - a +5 executioner's axe (weapon)
 A - a +2 battleaxe
 P - a +0 hand axe of flaming
Missiles
 d - 4 throwing nets
 Q - 19 poisoned darts
 R - 8 javelins
Armour
 c - a +1 helmet (worn)
 M - a +0 plate armour
 Z - +0 acid dragon scales (worn)
Jewellery
 k - an uncursed ring of protection from cold
 x - an uncursed ring of resist corrosion
 C - an uncursed ring of teleportation
 I - an uncursed ring of resist corrosion
 L - a +6 ring of strength (left hand)
 O - an amulet of the acrobat (around neck)
 V - an uncursed ring of protection from cold
 Y - a ring of poison resistance (right hand)
Wands
 a - a wand of paralysis (11)
 u - a wand of random effects (51)
 y - a wand of disintegration (13) (quivered)
 E - a wand of flame (22)
 H - a wand of polymorph (11)
 U - a wand of acid (6)
Scrolls
 f - 2 scrolls of identify
 g - 2 scrolls of fog
 h - 8 scrolls of remove curse
 i - 7 scrolls of enchant armour
 n - a scroll of blinking
 o - 6 scrolls of teleportation
 q - 3 scrolls of fear
 r - 3 scrolls of amnesia
 t - a scroll of summoning
 B - a scroll of noise
 D - 2 scrolls of immolation
 G - 2 scrolls of silence
 N - 2 scrolls of magic mapping
 T - 2 scrolls of vulnerability
Potions
 e - 3 potions of heal wounds
 l - 3 potions of haste
 m - 2 potions of magic
 p - 2 potions of flight
 s - a potion of ambrosia
 v - 6 potions of degeneration
 w - a potion of cancellation
 z - 3 potions of attraction
 F - 5 potions of brilliance
 J - 6 potions of curing
 K - a potion of might
 S - a potion of mutation
 W - a potion of lignification
 X - a potion of resistance
Miscellaneous
 j - a tin of tremorstones (2/2)


   Skills:
 + Level 11.1 Fighting
 * Level 20.9 Axes
 - Level 2.5 Throwing
 + Level 9.7 Armour
 + Level 3.9 Dodging


You had 12 spell levels left.
You didn't know any spells.
Your spell library contained the following spells:

 Spells                   Type           Power        Failure   Level
 Animate Skeleton         Necr           0%           45%         1
 Apportation              Tloc           0%           45%         1
 Corona                   Hex            0%           45%         1
 Summon Small Mammal      Summ           0%           45%         1
 Blink                    Tloc           N/A          58%         2
 Call Imp                 Summ           0%           58%         2
 Ensorcelled Hibernation  Hex/Ice        0%           58%         2
 Call Canine Familiar     Summ           0%           83%         3
 Summon Guardian Golem    Hex/Summ       0%           83%         3
 Ice Form                 Ice/Tmut       0%           99%         4
 Passage of Golubria      Tloc           N/A          99%         4
 Summon Ice Beast         Ice/Summ       0%           99%         4
 Summon Lightning Spire   Summ/Air       0%           99%         4
 Metabolic Englaciation   Hex/Ice        0%           100%        5
 Silence                  Hex/Air        0%           100%        5
 Freezing Cloud           Conj/Ice/Air   0%           100%        6
 Invisibility             Hex            0%           100%        6
 Ozocubu's Refrigeration  Ice            0%           100%        6
 Simulacrum               Ice/Necr       0%           100%        6


Dungeon Overview and Level Annotations

Branches:
Dungeon (11/15)            Temple (1/1) D:4            Lair (2/6) D:8
  Swamp (0/4) Lair:2          Orc (2/2) D:10        Ossuary (visited)
  IceCv (visited)
  Snake: Lair:2-4    Spider: Lair:2-4       Elf: Orc:2

Altars:
Ashenzari
Elyvilon
Kikubaaqudgha
Makhleb
Okawaru
Ru
Sif Muna
Vehumet
Wu Jian
The Shining One
Beogh

Shops:
D:4 (?!   D:6 *   D:8 }   D:9 *

Annotations:
Lair:2 Maggie


Message History

The small abomination closely misses you.
You slash the small abomination!
You destroy the small abomination!
The Council accepts your kill.
You slice the large abomination like a ripe choko!!!
The large abomination is severely damaged.
The large abomination misses you.
You slash the large abomination!
The large abomination is almost destroyed.
The large abomination closely misses you.
You hit the large abomination.
The large abomination is almost destroyed.
You hit the large abomination but do no damage.
The large abomination is almost destroyed.
The large abomination hits you!
* * * LOW HITPOINT WARNING * * *
You closely miss the large abomination.
The large abomination is almost destroyed.
The large abomination hits you!!
You die...

### ≈≈# #≈# #≈# #≈#
#≈# ###### ### #≈#
#....#x..# #≈#
#####...@Xx..# #≈#
#...#....#x..#
≈≈#######.###)...#
..#
####.......<#....# ##
####........'....#
............#....#
............#....#
............#########
####.#..............#


You could see a large abomination and 3 small abominations.

Vanquished Creatures
  A white draconian (IceCv)
  Snorg (D:11)
  Harold (D:9)
  2 hydras (D:11)
  A two-headed ogre (D:9)
  2 death yaks (IceCv)
  2 unseen horrors (D:11)
  A wizard (D:11)
  An orc knight (D:10)
  A deep elf mage (D:9)
  An ugly thing (D:11)
  2 cane toads
  A komodo dragon (Lair:2)
  2 rime drakes (Orc:2)
  A troll (D:11)
  19 polar bears
  2 wyverns (D:8)
  16 yaks (IceCv)
  3 vampire mosquitoes (Lair:2)
  A warg (Orc:2)
  4 large abominations (D:11)
  An acid dragon (D:11)
  8 water moccasins
  12 orc warriors
  An ice beast (D:5)
  5 sky beasts
  3 black bears
  A phantom (D:11)
  23 wolves
  5 ogres
  5 centaurs
  7 bullfrogs
  A wyvern zombie (D:10)
  4 small abominations (D:11)
  2 scorpions
  4 killer bees
  7 howler monkeys
  10 wights
  A bullfrog zombie (D:9)
  4 jellies
  5 hounds
  A centaur skeleton (D:5)
  8 orc priests
  A bullfrog skeleton (D:4)
  An iguana (D:5)
  8 orc wizards
  6 worker ants
  4 big kobold zombies (Ossuary)
  2 hound zombies
  A hound skeleton (D:8)
  2 mummies (Ossuary)
  9 gnolls
  15 adders
  2 white imps
  3 ufetubi
  6 adder zombies
  2 adder skeletons
  2 worms
  2 dart slugs (D:3)
  3 leopard geckos
  52 orcs
  5 giant cockroaches
  2 gnoll zombies (Ossuary)
  8 goblins
  8 hobgoblins
  6 jackals
  5 quokkas
  6 bats
  5 frilled lizards
  10 hobgoblin zombies (Ossuary)
  7 kobolds
  4 kobold zombies (Ossuary)
  A leopard gecko zombie (D:6)
  3 orc zombies (Ossuary)
  7 rats
381 creatures vanquished.

Vanquished Creatures (others)
  A bush (D:8)
  3 fungi
  21 plants
25 creatures vanquished.

Grand Total: 406 creatures vanquished

Notes
Turn   | Place    | Note
-------+----------+-------------------------------------------
     0 | D:1      | Ladykiller69 the Hill Orc Gladiator began the quest for the
                  | Orb.
     0 | D:1      | Reached XP level 1. HP: 18/18 MP: 1/1
   122 | D:1      | Reached XP level 2. HP: 25/25 MP: 2/2
   807 | D:2      | Reached XP level 3. HP: 22/30 MP: 3/3
  1564 | D:3      | Reached skill level 5 in Axes
  1898 | D:3      | Reached XP level 4. HP: 25/38 MP: 4/4
  2313 | D:3      | Reached XP level 5. HP: 26/45 MP: 5/5
  2994 | D:3      | You fall into a shaft and drop 2 floors!
  2994 | D:5      | Entered Level 5 of the Dungeon
  3032 | D:5      | Reached skill level 6 in Axes
  3032 | D:5      | Reached skill level 1 in Armour
  3138 | D:5      | Noticed a centaur
  3149 | D:5      | Killed a centaur
  3150 | D:5      | Reached XP level 6. HP: 37/52 MP: 6/6
  3525 | D:5      | Found a sacrificial altar of Ru.
  3588 | D:4      | Found Yreskoa's Weapon Shoppe.
  3591 | D:4      | Found Nyqi's Magic Scroll Shop.
  3602 | D:4      | Reached skill level 7 in Axes
  3770 | D:4      | Reached XP level 7. HP: 60/60 MP: 7/7
  4059 | D:4      | Found a staircase to the Ecumenical Temple.
  4065 | Temple   | Entered the Ecumenical Temple
  4072 | Temple   | Became a worshipper of the Wu Jian Council
  4153 | D:4      | Found Kiasum's Distillery.
  4314 | D:4      | Reached skill level 5 in Fighting
  4332 | D:4      | Reached skill level 8 in Axes
  5043 | D:3      | Reached XP level 8. HP: 44/69 MP: 8/8
  5308 | D:3      | Reached skill level 9 in Axes
  5848 | D:5      | Reached * piety under Wu Jian
  5948 | D:5      | Reached skill level 10 in Axes
  6344 | D:6      | Found Foam Vix's Assorted Antiques.
  6678 | D:6      | Reached skill level 5 in Armour
  6865 | D:6      | Reached XP level 9. HP: 78/78 MP: 9/9
  7510 | D:7      | Reached skill level 11 in Axes
  7774 | D:7      | Found a sand-covered staircase.
  7778 | Ossuary  | Entered an ossuary
  7841 | Ossuary  | Reached ** piety under Wu Jian
  8993 | D:8      | Found a broken altar of Ashenzari.
  8993 | D:8      | Found a burning altar of Makhleb.
  8993 | D:8      | Found an ancient bone altar of Kikubaaqudgha.
  8993 | D:8      | Found an iron altar of Okawaru.
  9002 | D:8      | Found a glowing golden altar of the Shining One.
  9007 | D:8      | Found a shimmering blue altar of Sif Muna.
  9095 | D:8      | Reached *** piety under Wu Jian
  9135 | D:8      | Found Ankuhouze's Gadget Emporium.
  9662 | D:8      | Found a staircase to the Lair.
  9678 | D:8      | Reached skill level 12 in Axes
  9978 | D:8      | Reached XP level 10. HP: 64/90 MP: 10/10
 10216 | D:9      | Reached skill level 13 in Axes
 10496 | D:9      | Noticed Harold
 10512 | D:9      | Noticed a two-headed ogre
 10706 | D:4      | Bought a +0 hand axe of flaming for 103 gold pieces
 10825 | Lair:1   | Entered Level 1 of the Lair of Beasts
 10888 | Lair:1   | Noticed a cane toad
 10893 | Lair:1   | Killed a cane toad
 11724 | Lair:2   | Found a staircase to the Swamp.
 11735 | Lair:2   | Reached skill level 14 in Axes
 12526 | Lair:2   | Noticed a cane toad
 12532 | Lair:2   | Killed a cane toad
 12816 | Lair:2   | Noticed Maggie
 13045 | D:9      | Killed a two-headed ogre
 13046 | D:9      | Reached skill level 10 in Fighting
 13046 | D:9      | Reached XP level 11. HP: 85/100 MP: 11/11
 13279 | D:9      | Reached **** piety under Wu Jian
 13322 | D:9      | Reached skill level 15 in Axes
 13340 | D:9      | Found Quhoazawn's Assorted Antiques.
 13377 | D:9      | Bought an executioner's axe for 300 gold pieces
 13395 | D:9      | Noticed a deep elf mage
 13402 | D:9      | Killed a deep elf mage
 13749 | D:9      | Killed Harold
 14083 | D:10     | Entered Level 10 of the Dungeon
 14815 | D:10     | Found a roughly hewn altar of Beogh.
 14815 | D:10     | Found a staircase to the Orcish Mines.
 14930 | D:10     | Noticed an orc knight
 15004 | D:10     | Killed an orc knight
 15005 | D:10     | Reached skill level 16 in Axes
 15266 | Orc:1    | Entered Level 1 of the Orcish Mines
 15489 | Orc:2    | Entered Level 2 of the Orcish Mines
 15625 | Orc:2    | Found a frozen archway.
 15639 | IceCv    | Entered an ice cave
 15814 | IceCv    | Reached skill level 17 in Axes
 16035 | IceCv    | Reached XP level 12. HP: 64/108 MP: 12/12
 16369 | IceCv    | Noticed a death yak
 16369 | IceCv    | Noticed a death yak
 16404 | IceCv    | Killed a death yak
 16405 | IceCv    | Reached skill level 18 in Axes
 16410 | IceCv    | Killed a death yak
 16849 | IceCv    | Reached skill level 19 in Axes
 17111 | IceCv    | Noticed a white draconian
 17125 | IceCv    | Killed a white draconian
 17143 | IceCv    | Reached skill level 20 in Axes
 17158 | IceCv    | Identified Ulifuamm's Grimoire of Dislocation and
                  | Bewitchment
 17544 | D:11     | Noticed a five-headed hydra
 17553 | D:11     | Killed a one-headed hydra
 17919 | D:11     | Noticed Snorg
 17938 | D:11     | Killed Snorg
 17939 | D:11     | Reached XP level 13. HP: 105/114 MP: 13/13
 18878 | D:11     | Reached ***** piety under Wu Jian
 18885 | D:11     | Slain by a large abomination

Illustrated notes

Levels and vault maps discovered:
D:1:      dpeg_arrival_shelter, layout_loops_cross, minmay_unequal
D:2:      layout_basic, minivault_25, chequers_big_river
D:3:      layout_rooms, kennysheep_cross_bottleneck
D:4:      layout_basic, minmay_temple_entry_butterflies, serial_shops,
          kennysheep_mini, shop, nicolae_shop_trees
D:5:      kennysheep_big_flooded_room, layout_loops_ring,
          nicolae_ru_awakened_eye
D:6:      layout_loops_corners, serial_shops, shop
D:7:      layout_loops_ring, enter_ossuary_5, serial_aquarium,
          aquarium_bridge_long_joined [aquarium_subvault_window,
          aquarium_subvault_window, aquarium_subvault_bridge,
          aquarium_subvault_wall, aquarium_subvault_bridge,
          aquarium_subvault_bridge], aquarium_window_corner, aquarium_window_2,
          aquarium_view_2a, aquarium_view_2c, aquarium_balcony_5b,
          aquarium_pool_S
D:8:      layout_loops_ring, minmay_overflow_temple_hex,
          minmay_lair_entry_grove, serial_shops, nicolae_shop_trees
D:9:      kennysheep_spiral_hall, layout_basic, serial_shops, shop,
          serial_curves, eino_curves_04, eino_curves_04, hex_intersection,
          guppyfry_early_elven_hall, uniq_harold
D:10:     layout_basic, david_orc_5
D:11:     layout_basic, serial_aquarium, aquarium_bridge_long_joined
          [aquarium_subvault_wall, aquarium_subvault_window,
          aquarium_subvault_bridge, aquarium_subvault_wall,
          aquarium_subvault_wall, aquarium_subvault_wall], aquarium_window_3,
          aquarium_window_1, aquarium_window_fake, aquarium_window_2,
          aquarium_view_2d, aquarium_balcony_5b, aquarium_pool_side, laboratory,
          uniq_snorg
Temple:   regret_index_temple_waves
Lair:1:   layout_chaotic_city
Lair:2:   layout_layer_cave, minmay_swamp_entry_swarm, beast_lair_carwin_1,
          uniq_maggie
Orc:1:    layout_caves, serial_shops
Orc:2:    pf_orc_diabolical, layout_caves, portal_ice_cave_rime, serial_shops,
          shop, hangedman_minor_magic

Skill      XL: |  1  2  3  4  5  6  7  8  9 10 11 12 13 |
---------------+----------------------------------------+-----
Throwing       | 2 |  2.5
Fighting       | 3 4 5 6 8 10 11 | 11.1
Axes           | 5 6 7 8 10 12 14 17 20 | 20.9
Dodging        | 3 |  3.9
Armour         | 1 2 3 5 6 8 9 |  9.7

Action                   |  1- 3 |  4- 6 |  7- 9 | 10-12 | 13-15 || total
-------------------------+-------+-------+-------+-------+-------++-------
Melee: War axe           |   109 |   152 |   105 |       |       ||   366
       Battleaxe         |       |       |   284 |   153 |       ||   437
       Executioner's axe |       |       |       |   346 |    71 ||   417
       Hand axe          |       |       |       |     7 |    12 ||    19
Throw: Throwing net      |       |       |     1 |       |       ||     1
       Javelin           |       |       |       |     3 |       ||     3
Invok: Lunge             |       |       |    19 |    36 |     6 ||    61
       Whirlwind         |       |       |       |    11 |       ||    11
Evoke: Wand              |       |       |       |     8 |       ||     8
  Use: Potion            |     2 |       |     1 |     2 |       ||     5
       Scroll            |       |       |     3 |    29 |     2 ||    34
 Stab: Held in net/web   |       |       |     1 |       |       ||     1
       Distracted        |       |       |       |     1 |       ||     1
Armor: Leather armour    |    34 |    17 |       |       |       ||    51
       Chain mail        |       |    77 |    68 |       |       ||   145
       Plate armour      |       |       |   190 |   316 |       ||   506
       Acid dragon scale |       |       |       |     5 |    26 ||    31
Dodge: Dodged            |    94 |    76 |   129 |   220 |    43 ||   562
